AoeStats
← CNZS_98T

Arabia

510292509Analyzed
1v1 RM · 10h ago on Sep 30, 2026· 51m 1s· 2 players
Game mode
Random Map
Map size
Tiny (2 player)
Population
200
Speed
Normal
Resources
Standard
Victory
Conquest
Starting age
Dark Age
Ending age
Imperial Age
RankedLock teamsTeams togetherTeam positionsShared explorationLock speedFull tech treeHidden civsTurbo modeCheats
Victory
Defeat
🇨🇳 Chinese · China
2141
+30
🇳🇱 Varangians · Netherlands
2595
-30
CNZS_98T
8:49 Feudal Age
9:56 Double-Bit Axe
11:36 Horse Collar
11:42 Loom
15:08 Bloodlines
17:27 Wheelbarrow
20:41 Castle Age
19:37 Scale Barding Armor
20:24 Forging
20:50 Light Cavalry
22:48 Husbandry
23:51 Fletching
24:39 Bodkin Arrow
29:01 Ballistics
29:19 Bow Saw
29:18 Fishing Lines
29:59 Padded Archer Armor
32:45 Chain Barding Armor
37:17 Vendel Legacy
38:12 Gold Mining
39:30 Hand Cart
43:56 Imperial Age
41:51 Elite Skirmisher
42:47 Leather Archer Armor
44:43 Bracer
44:13 Hussar
46:36 Chemistry
46:28 Plate Barding Armor
CN_Dauh
0:25 Loom
7:55 Feudal Age
8:42 Double-Bit Axe
10:30 Horse Collar
16:11 Forging
16:48 Bloodlines
17:57 Wheelbarrow
21:41 Castle Age
20:46 Scale Barding Armor
20:51 Gold Mining
21:43 Light Cavalry
22:50 Bow Saw
24:09 Husbandry
25:27 Heavy Plow
25:39 Fletching
26:43 Elite Skirmisher
29:05 Ballistics
30:33 Padded Archer Armor
31:00 Bodkin Arrow
32:18 Leather Archer Armor
36:49 Imperial Age
34:06 Town Watch
35:08 Squires
38:12 Imperial Age
36:00 Hand Cart
36:23 Thumb Ring
36:34 Town Patrol
36:40 Scale Mail Armor
37:28 Masonry
37:20 Pikeman
38:56 Bracer
39:19 Conscription
40:13 Chemistry
38:40 Elite Chu Ko Nu
41:02 Conscription
40:43 Halberdier
41:40 Chain Mail Armor
42:42 Ring Archer Armor
42:48 Iron Casting
43:33 Plate Mail Armor
42:27 Elite Fire Lancer
44:07 Guard Tower
44:13 Murder Holes
44:48 Architecture
45:33 Plate Mail Armor
47:16 Blast Furnace
46:36 Chain Barding Armor
46:36 Arson
50:06 Architecture
Connection lost

Rejoining the realm…

Still unreachable

The connection could not be restored.

Session expired

The server has moved on; the page needs a fresh start.